 Dungeon Crawl Stone Soup version 0.26.1-11-gd32895ea62 (webtiles) character file.

Game seed: 2484663515581769754

48 vvl the Slasher (level 3, 0/27 HPs)
             Began as a Demonspawn Gladiator on June 2, 2021.
             Succumbed to an adder's poison
             ... on level 1 of the Dungeon.
             The game lasted 00:02:41 (1373 turns).

vvl the Slasher (Demonspawn Gladiator)              Turns: 1373, Time: 00:02:42

Health: 0/27       AC:  5    Str: 15    XL:     3   Next: 50%
Magic:  3/3        EV: 13    Int:  9    God:
Gold:   84         SH:  0    Dex: 14    Spells: 2/2 levels left

rFire    . . .     SeeInvis .   a - +0 long sword
rCold    + . .     Faith    .   (no shield)
rNeg     . . .     Spirit   .   b - +0 leather armour
rPois    .         Reflect  .   c - +0 helmet
rElec    .         Harm     .   (no cloak)
rCorr    .         Rampage  .   k - +0 pair of gloves
Will     .....                  (no boots)
Stlth    +.........             (no amulet)
HPRegen  0.09/turn              (no ring)
MPRegen  0.08/turn              (no ring)

@: lethally poisoned (0 -> -15), hasted, very quick
A: cold resistance 1
a: no special abilities


You were on level 1 of the Dungeon.
You visited 1 branch of the dungeon, and saw 2 of its levels.

You collected 84 gold pieces.

Inventory:

Hand Weapons
 a - a +0 long sword (weapon)
Missiles
 d - 3 throwing nets (quivered)
Armour
 b - a +0 leather armour (worn)
 c - a +0 helmet (worn)
 k - a +0 pair of gloves (worn)
Scrolls
 e - a scroll of magic mapping
 f - a scroll of blinking {unknown}
 g - 2 scrolls of identify {unknown}
 h - a scroll of fog {unknown}
 i - 2 scrolls of enchant armour {unknown}
 j - 3 scrolls of remove curse {unknown}
 m - a scroll of random uselessness {unknown}
 n - a scroll of teleportation {unknown}


   Skills:
 + Level 2.2 Fighting
 * Level 3.0 Long Blades
 + Level 2.0 Throwing
 + Level 1.0 Armour
 + Level 2.9 Dodging
 * Level 1.6 Necromancy


You had 2 spell levels left.
You didn't know any spells.
Your spell library was empty.

Dungeon Overview and Level Annotations

Branches:
Dungeon (2/15)

Altars:


Innate Abilities, Weirdness & Mutations

Your flesh is cold resistant. (rC+)


Message History

You are more poisoned.
The adder poisons you!
It was a potion of haste.
You feel yourself speed up.
* * * LOW HITPOINT WARNING * * *
You feel sick. The adder closely misses you.
You riposte.
You hit the adder.
The adder is lightly wounded.
As you read the scroll labelled VOLIDW SETHRIPP, it crumbles to dust.
You feel aware of your surroundings.
It was a scroll of magic mapping.
* * * LOW HITPOINT WARNING * * *
You feel sick. The adder bites you but does no damage.
You slash the adder!
You kill the adder!
* * * LOW HITPOINT WARNING * * *
You feel sick.
Your Throwing skill increases to level 2!
Your Armour skill increases to level 1!
* * * LOW HITPOINT WARNING * * *
You feel sick.
You see here an adder corpse.
You die...

.....##.#.............###.##)...#
.#..(.#######.....#####,###....##
.##.....## #....#...#,*##..)..##
)(.......#####...#..####.....##
.....#)....#####'#####.....###
.....##...................##
.....####.........>.....###
#....# ######...†....### #######
#....# #..@.....# #...... #....#
#........#####...... .....#
#................... .....#
#.###............... ...### #.#
#...........#### ...# #)#
#...........# ...# #.#
#...........# ...# #.#
############# #### #.#


There were no monsters in sight!

Vanquished Creatures
  An adder (D:1)
  An ooze (D:1)
  A dart slug (D:1)
  2 leopard geckos (D:1)
  A bat (D:1)
  3 hobgoblins (D:1)
  3 jackals (D:1)
  2 ball pythons (D:1)
  A frilled lizard (D:1)
  4 goblins (D:1)
  6 kobolds (D:1)
  4 rats (D:1)
29 creatures vanquished.

Notes
Turn   | Place    | Note
-------+----------+-------------------------------------------
     0 | D:1      | vvl the Demonspawn Gladiator began the quest for the Orb.
     0 | D:1      | Reached XP level 1. HP: 16/16 MP: 1/1
   188 | D:1      | Gained mutation: Your flesh is cold resistant. (rC+)
                  | [demonic ancestry]
   188 | D:1      | Reached XP level 2. HP: 4/22 MP: 2/2
   568 | D:1      | Reached skill level 1 in Necromancy
   779 | D:1      | Reached skill level 3 in Long Blades
   792 | D:1      | Reached XP level 3. HP: 24/27 MP: 3/3
  1372 | D:1      | Reached skill level 1 in Armour
  1372 | D:1      | HP: 1/27 [poisoned by an adder]
  1373 | D:1      | Succumbed to an adder's poison

Illustrated notes

Levels and vault maps discovered:
D:1:      arrival_zaba_pyramid, layout_basic
D:2:      layout_rooms, minmay_goblin_kobold_house

Skill      XL: |  1  2  3 |
---------------+----------+-----
Necromancy     | 1 |  1.6
Long Blades    | 3 |  3.0
Throwing       | 2 |  2.0
Armour         | 1 |  1.0
Fighting       | |  2.2
Dodging        | |  2.9

Action                   || total
-------------------------++-------
Melee: Long sword        ||    74
  Use: Scroll            ||     1
       Potion            ||     1
Armor: Leather armour    ||    27
Dodge: Dodged            ||    70
       Rpst.: Long sword ||    20
